 Dungeon Crawl Stone Soup version 0.26.1-11-gd32895ea62 (webtiles) character file.

Game seed: 9986118036057522871

609 dolemite99 the Cudgeller (level 7, 59/59 HPs)
             Began as a Minotaur Monk on Apr 13, 2021.
             Was a Believer of Fedhas.
             Quit the game on level 4 of the Dungeon on May 7, 2021.
             The game lasted 00:05:17 (3808 turns).

dolemite99 the Cudgeller (Minotaur Monk)            Turns: 3808, Time: 00:05:18

Health: 59/59      AC: 11    Str: 18    XL:     7   Next: 19%
Magic:  6/6        EV:  8    Int:  7    God:    Fedhas [**....]
Gold:   37         SH:  0    Dex: 12    Spells: 6/6 levels left

rFire    . . .     SeeInvis .   k - +1 whip (elec)
rCold    . . .     Faith    .   (no shield)
rNeg     . . .     Spirit   .   i - +0 chain mail
rPois    .         Reflect  .   (helmet restricted)
rElec    .         Harm     .   o - +0 cloak (curse)
rCorr    .         Rampage  .   (no gloves)
Will     .....                  (no boots)
Stlth    ..........             (no amulet)
HPRegen  0.19/turn              (no ring)
MPRegen  0.10/turn              (no ring)

@: no status effects
A: retaliatory headbutt, horns 2
a: Renounce Religion, Wall of Briars


You were on level 4 of the Dungeon.
You worshipped Fedhas.
Fedhas was pleased with you.
You visited 1 branch of the dungeon, and saw 4 of its levels.

You collected 180 gold pieces.
You spent 143 gold pieces at shops.

Inventory:

Hand Weapons
 b - a +0 flail of venom
 k - a +1 whip of electrocution (weapon)
 p - a cursed +0 mace
 t - a +0 trident of freezing
 u - a +0 morningstar
 z - a +0 vampiric whip
Missiles
 w - 19 bolts
 x - 25 stones (quivered)
Armour
 a - a +0 robe
 f - a +0 ring mail
 i - a +0 chain mail (worn)
 m - a +0 kite shield
 o - a cursed +0 cloak (worn)
 s - a scarf of resistance
Wands
 n - a wand of random effects (28)
Scrolls
 d - 3 scrolls of teleportation {unknown}
 g - a scroll of enchant weapon {unknown}
 l - 2 scrolls of remove curse {unknown}
 y - 8 scrolls of identify {unknown}
Potions
 c - 2 potions of lignification
 e - a potion of brilliance {unknown}
 h - 5 potions of curing
 j - a potion of mutation {unknown}
 q - 3 potions of flight {unknown}
 r - a potion of attraction {unknown}
 v - a potion of heal wounds


   Skills:
 + Level 4.1 Fighting
 - Level 6.0 Maces & Flails
 - Level 5.2 Armour
 - Level 3.2 Dodging
 - Level 1.5 Stealth
 - Level 4.8 Unarmed Combat


You had 6 spell levels left.
You didn't know any spells.
Your spell library contained the following spells:

 Spells                   Type           Power        Failure   Level
 Animate Skeleton         Necr           0%           99%         1
 Apportation              Tloc           0%           99%         1
 Corona                   Hex            0%           99%         1
 Summon Small Mammal      Summ           0%           99%         1


Dungeon Overview and Level Annotations

Branches:
Dungeon (4/15)
 Temple: D:4-7

Altars:
Fedhas
Gozag
Sif Muna
Vehumet

Shops:
D:4 !


Innate Abilities, Weirdness & Mutations

You reflexively headbutt those who attack you in melee.
You have a pair of horns on your head.


Message History

You kill the adder!
Fedhas accepts your kill.
No target in view!
You now have 37 gold pieces (gained 11).
There are no items here.
You see here a runed whip.
z - a runed whip
Found a short sword.
Saving game... please wait.
Welcome back, dolemite99 the Minotaur Monk.
Fedhas says: Spread life and death.
Press ? for a list of commands and other information.
Welcome back, dolemite99 the Minotaur Monk.
Fedhas says: Spread life and death.
Press ? for a list of commands and other information.
Saving game... please wait.
Welcome back, dolemite99 the Minotaur Monk.
Fedhas says: Spread life and death.
Press ? for a list of commands and other information.
Are you sure you want to abandon this character and quit the game? (Confirm with "yes".)

#.... ...# #.# ...#
##.## #.## .. #.
#.## #... ### ####
#.. #. # #.# # #.
#.##.##.# #.
#)...@..# #.
####.########### #.
#.# #......# ##
#.####.####.#
#.........#.#######
######.##..........
#.####.#######
#.####.# #......#


There were no monsters in sight!

Vanquished Creatures
  Edmund (D:4)
  A phantom (D:4)
  A bullfrog (D:3)
  2 orc priests (D:4)
  2 hounds (D:4)
  Crazy Yiuf (D:2)
  An orc wizard (D:4)
  An iguana (D:4)
  6 adders
  A white imp (D:4)
  An ooze (D:3)
  5 worms
  2 dart slugs
  A leopard gecko (D:3)
  8 orcs
  2 giant cockroaches
  A goblin (D:2)
  7 hobgoblins
  6 kobolds
  3 quokkas
  2 ball pythons (D:3)
  8 bats
  6 frilled lizards
  A leopard gecko skeleton (D:4)
  8 rats
78 creatures vanquished.

Vanquished Creatures (others)
  2 fungi (D:2)
2 creatures vanquished.

Grand Total: 80 creatures vanquished

Notes
Turn   | Place    | Note
-------+----------+-------------------------------------------
     0 | D:1      | dolemite99 the Minotaur Monk began the quest for the Orb.
     0 | D:1      | Reached XP level 1. HP: 19/19 MP: 0/0
   637 | D:1      | Reached XP level 2. HP: 26/26 MP: 1/1
   743 | D:2      | Found a shimmering blue altar of Sif Muna.
  1019 | D:2      | Found a runed translucent door.
  1020 | D:2      | Noticed Crazy Yiuf
  1090 | D:2      | Reached XP level 3. HP: 31/31 MP: 2/2
  1734 | D:2      | Killed Crazy Yiuf
  1735 | D:2      | Reached skill level 2 in Maces & Flails
  1735 | D:2      | Reached XP level 4. HP: 25/39 MP: 3/3
  1951 | D:3      | Reached skill level 3 in Maces & Flails
  2019 | D:3      | Found an opulent altar of Gozag.
  2269 | D:3      | Noticed a bullfrog
  2274 | D:3      | Killed a bullfrog
  2275 | D:3      | Reached skill level 4 in Maces & Flails
  2275 | D:3      | Reached XP level 5. HP: 45/45 MP: 4/4
  2600 | D:3      | Reached skill level 5 in Maces & Flails
  3252 | D:4      | Noticed a phantom
  3267 | D:4      | Killed a phantom
  3268 | D:4      | Reached skill level 6 in Maces & Flails
  3268 | D:4      | Reached skill level 1 in Armour
  3268 | D:4      | Reached XP level 6. HP: 50/51 MP: 5/5
  3284 | D:4      | Found a blossoming altar of Fedhas.
  3288 | D:4      | Found Lefatt's Distillery.
  3288 | D:4      | Found a radiant altar of Vehumet.
  3292 | D:4      | Became a worshipper of Fedhas Madash
  3292 | D:4      | Reached * piety under Fedhas
  3292 | D:4      | Reached ** piety under Fedhas
  3306 | D:4      | Bought a potion of curing for 39 gold pieces
  3306 | D:4      | Bought a potion of heal wounds for 65 gold pieces
  3306 | D:4      | Bought a potion of lignification for 39 gold pieces
  3415 | D:4      | Noticed Edmund
  3435 | D:4      | Killed Edmund
  3436 | D:4      | Reached skill level 5 in Armour
  3436 | D:4      | Reached XP level 7. HP: 38/57 MP: 6/6
  3808 | D:4      | Quit the game

Illustrated notes

Levels and vault maps discovered:
D:1:      giann_forest_graveyard, layout_basic
D:2:      layout_basic, led_sif_pool, uniq_crazy_yiuf_cottage
D:3:      layout_basic, lemuel_crystal_altar
D:4:      layout_loops_cross, grunt_temple_overflow_open, serial_shops, shop,
          kennysheep_another_room, uniq_edmund, uniq_ijyb

Skill      XL: |  1  2  3  4  5  6  7 |
---------------+----------------------+-----
Unarmed Combat | 4 |  4.8
Maces & Flails | 2 4 6 |  6.0
Armour         | 1 5 |  5.2
Fighting       | 4 |  4.1
Dodging        | |  3.2
Stealth        | |  1.5

Action                   |  1- 3 |  4- 6 |  7- 9 || total
-------------------------+-------+-------+-------++-------
Melee: Unarmed           |    74 |       |       ||    74
       Headbutt          |    19 |    22 |     1 ||    42
       Punch             |     3 |     1 |       ||     4
       Whip              |     8 |   107 |    14 ||   129
Throw: Stone             |       |     1 |     1 ||     2
  Use: Potion            |       |     2 |       ||     2
Armor: Robe              |     3 |       |       ||     3
       Chain mail        |    35 |    33 |     7 ||    75
       Ring mail         |     2 |       |       ||     2
Dodge: Dodged            |    49 |    33 |     5 ||    87
